Arrhythmia, chaotic female vampiric Convict ----- ---------- ####....| |........| |....#### #-........| |..<| # ###|........| #-.).| ##+ | # ----.----- ###----- |.... Y@# ##### # | # # ### # # # ## # ------%-# |.......# ------ |>.....| |....| |.......######.....| -------- |....| ------ Arrhythmia the Jail-bird Experience level: 7 Strength: 15 Dexterity: 15 Constitution: 20 Intelligence: 10 Wisdom: 7 Charisma: 8 Health: 0(77) Energy: 39(39) AC: 10 Gold: 1065 Moves: 3168 Your Inventory: Coins $ - 1065 gold pieces Weapons j - an [uncursed] corroded [+0] crude dagger [orcish] q - an [uncursed +0] dagger (weapon in hand) Armor b - a cursed +0 striped shirt E - a [blessed +0] mummy wrapping Comestibles s - an [uncursed] Hot Futa Mare Dick Scrolls e - an [uncursed] scroll labeled JUYED AWK YACC [of light] g - a [blessed] scroll labeled ZLORFIK [of flood] h - an [uncursed] scroll labeled HZLRC KSTSBD MPFNG [of remove curse] o - a [cursed] scroll labeled HAPAX LEGOMENON [of enchant armor] v - an [uncursed] scroll labeled ZELGO MER [of identify] y - 3 [uncursed] unlabeled scrolls [of blank paper] z - a [blessed] unlabeled scroll [of blank paper] F - a [blessed] scroll labeled ZELGO MER [of identify] G - a [blessed] scroll labeled JUYED AWK YACC [of light] Potions c - an [uncursed] puce potion [of healing] i - a [blessed] white potion [of enlightenment] l - 2 [uncursed] indigo potions [of paralysis] t - a [cursed] amber potion [of object detection] w - a [cursed] magenta potion [of full healing] A - an [uncursed] amber potion [of object detection] D - an [uncursed] gooey potion [of sickness] Rings m - an [uncursed] coral ring [of teleport control] H - a [blessed +1] ceramic ring [of increase damage] Tools p - 6 [uncursed wax] candles r - an [uncursed] lock pick B - an [uncursed] looking glass [mirror] Gems n - an [uncursed] white gem [worthless glass] Spells known in the end: Name Level Category Fail Memory a - force bolt 1 attack 30% [||||||||] Your skills at the end: Fighting Skills Weapon Skills sling [Basic / Skilled] Spellcasting Skills Final Attributes: You were piously aligned. Hunger level was 229. Your alignment was 25 / 25. Monster difficulty range was 1 - 7. Level difficulty was 7. You were immune to poison. You were immune to level-drain. You were immune to sickness. You could fly. You could survive without air. You regenerated. Your luck was zero. You are dead. Vanquished creatures: an ettin zombie a wolf a leprechaun a gnome king an orc mummy a gold golem a dingo 4 water moccasins a wood nymph a water nymph an orc shaman 2 rock piercers a rock mole a violet fungus 2 gnome lords a kobold mummy a gray ooze a paper golem a wax golem a little dog 2 kittens a homunculus 2 hill orcs 3 rothes 2 monkeys an iguana an acid blob a hobbit a hobgoblin 6 giant rats a red mold 3 geckos 6 jackals 3 goblins 5 grid bugs 4 lichens a newt 68 creatures vanquished. Voluntary challenges: You pretended to be an ascet. You pretended to be a vegan. You pretended to be a vegetarian. You used a wielded weapon 33 times. You read items or engraved 278 times. You put on armor 3 times. You never genocided any monsters. You never polymorphed an object. You never changed form. You used no wishes. You wrote Elbereth's name 174 times. You never encountered a bones level. You never used any Sokoban shortcuts. Dungeon overview: The Dungeons of Doom: levels 1 to 7 Level 1 a fountain, a sink a long staircase Level 2 a fountain a long staircase Level 3 some fountains Level 4 some fountains, a sink Level 5 a fountain Level 7 <- You were here History has recorded: On T:1 you entered the Dungeons of Doom to retrieve the Amulet of Yendor! On T:339 you reached level 2 of The Dungeons of Doom. On T:647 you advanced to experience level 2. On T:778 you reached level 3 of The Dungeons of Doom. On T:817 you advanced to experience level 3. On T:1035 you reached level 4 of The Dungeons of Doom. On T:1338 you advanced to experience level 4. On T:1370 you advanced to experience level 5. On T:1647 you reached level 5 of The Dungeons of Doom. On T:1807 you advanced to experience level 6. On T:1947 you reached level 6 of The Dungeons of Doom. On T:2303 you advanced to experience level 7. On T:2675 you reached level 7 of The Dungeons of Doom. Latest messages: [HP+1=43] You add "Elbereth" with your fingers to the scrawl on the ground. [HP+1=44] [HP+1=45] [HP+1=46] [HP+1=47] The owlbear blocks your way. You miss the owlbear. You bite the owlbear. The owlbear hits! (2x) [HP-16=31] You miss the owlbear. You bite the owlbear. You feed on the lifeblood. The owlbear suddenly seems weaker! The owlbear hits! (2x) [HP-13=18] You miss the owlbear. You bite the owlbear. You feed on the lifeblood. The owlbear suddenly seems weaker! The owlbear hits! (2x) You die... Final status: Goodbye Arrhythmia the Convict... You died in The Dungeons of Doom on dungeon level 7 with 5115 points, and 1065 pieces of gold, after 3168 moves. You were level 7 with a maximum of 77 hit points when you died.